 Dungeon Crawl Stone Soup version 0.21.1-1-g345015f (webtiles) character file.

112 deathlander the Bolt Thrower (level 4, 0/37 HPs)
             Began as a Centaur Hunter on May 28, 2018.
             Was an Initiate of Makhleb.
             Slain by Sigmund
             ... wielding a +0 scythe
              (5 damage)
             ... on level 3 of the Dungeon.
             The game lasted 00:10:07 (2219 turns).

deathlander the Bolt Thrower (Centaur Hunter)       Turns: 2219, Time: 00:10:09

Health: 0/37       AC:  6    Str: 15    XL:     4   Next: 64%
Magic:  4/4        EV:  9    Int: 10    God:    Makhleb [......]
Gold:   124        SH:  0    Dex: 10    Spells: 3/3 levels left

rFire    . . .     SeeInvis .   a - +2 hand crossbow
rCold    . . .     Gourm    .   (no shield)
rNeg     . . .     Faith    .   c - +1 leather armour
rPois    .         Spirit   .   i - +0 helmet
rElec    .         Reflect  .   (no cloak)
rCorr    .         Harm     .   (no gloves)
MR       .....                  (no barding)
Stlth    +.........             (no amulet)
HPRegen  0.12/turn              k - ring of flight
MPRegen  0.09/turn              (no ring)

@: very quick
A: large, hooves 3, deformed body, speed 2, tough skin 3
a: Renounce Religion, Evoke Flight


You were on level 3 of the Dungeon.
You worshipped Makhleb.
Makhleb was noncommittal.
You were not hungry.

You visited 1 branch of the dungeon, and saw 3 of its levels.

You collected 124 gold pieces.

Inventory:

Hand Weapons
 a - a +2 hand crossbow (weapon)
 b - a +0 short sword
 e - a +0 hand axe
 g - a +0 spear
 m - a +4 short sword
 p - a +0 club
Missiles
 d - 16 bolts
 l - 35 arrows
 o - 4 needles of sleeping (quivered)
 q - 15 poisoned needles
Armour
 c - a +1 leather armour (worn)
 i - a +0 helmet (worn)
 r - a +0 robe
 s - a +0 robe
 t - a +0 scale mail
Jewellery
 k - a ring of flight (left hand)
Potions
 h - a potion of ambrosia {unknown}
 j - 2 potions of lignification {unknown}
 n - a potion of curing {unknown}
Comestibles
 f - 2 rations


   Skills:
 + Level 2.8 Fighting
 + Level 6.1 Crossbows
 + Level 0.7 Armour
 + Level 1.4 Dodging
 + Level 0.4 Stealth


You had 3 spell levels left.
You didn't know any spells.

Dungeon Overview and Level Annotations

Branches:
Dungeon (3/15)

Altars:
Makhleb
Ru
Sif Muna
Wu Jian

Annotations:
D:3 Sigmund


Innate Abilities, Weirdness & Mutations

You have hooves in place of feet.
Armour fits poorly on your strangely shaped body.
You cover ground very quickly.
You have extremely tough skin. (AC +3)


Message History

Aim: Sigmund, wielding a scythe and wearing a robe (moderately wounded)
You toss away a needle of sleeping.
The needle of sleeping closely misses Sigmund.
Sigmund hits you from afar with a scythe!
Tossing away (i - inventory. (,) - cycle):
o - 6 needles of sleeping (quivered)
Press: ? - help, Shift-Dir - straight line, f/p - Sigmund
Aim: Sigmund, wielding a scythe and wearing a robe (moderately wounded)
You toss away a needle of sleeping.
The needle of sleeping closely misses Sigmund.
Sigmund hits you from afar with a scythe!
Tossing away (i - inventory. (,) - cycle):
o - 5 needles of sleeping (quivered)
Press: ? - help, Shift-Dir - straight line, f/p - Sigmund
Aim: Sigmund, wielding a scythe and wearing a robe (moderately wounded)
You toss away a needle of sleeping.
The needle of sleeping closely misses Sigmund.
Sigmund gestures at you while chanting. The puff of flame hits you!
* * * LOW HITPOINT WARNING * * *
Sigmund hits you from afar with a scythe.
You die...

♣#♣....#...#......#.##..#.#
.#.#.).....#.######.##..#.#
.#.#.#..................#.#
...#.#....##......#.#..##.#
...#.#....#######.#.#.###.#
...#.#....................#
...#.#...###......#.#.#####
...#.....###.######.#.#
..##.#..........@.#.#.#
.........###.####.#.#.#
####.....# #.# @#.#.#
#.....# #.# .#.#.# #.....#
#.# .#.#.# #.....# #..
.#.#<# #.....# ### ##.#.#
#....... ..#.# ...#.##
###.#


You could see Sigmund.

Vanquished Creatures
  2 adders (D:2)
  3 gnolls (D:3)
  2 worms (D:2)
  3 dart slugs (D:1)
  An orc (D:3)
  A giant cockroach (D:3)
  9 hobgoblins
  7 bats
  4 frilled lizards
  9 goblins
  6 kobolds
  10 rats
57 creatures vanquished.

Notes
Turn   | Place    | Note
-------+----------+-------------------------------------------
     0 | D:1      | deathlander the Centaur Hunter began the quest for the Orb.
     0 | D:1      | Reached XP level 1. HP: 17/17 MP: 1/1
    68 | D:1      | Reached XP level 2. HP: 22/24 MP: 2/2
   215 | D:1      | Reached skill level 5 in Crossbows
   385 | D:1      | Reached XP level 3. HP: 29/29 MP: 3/3
  1258 | D:2      | Reached XP level 4. HP: 37/37 MP: 4/4
  1773 | D:3      | Found a deep blue altar of Sif Muna.
  1773 | D:3      | Found a burning altar of Makhleb.
  1774 | D:3      | Found a sacrificial altar of Ru.
  1810 | D:3      | Found an ornate altar of the Wu Jian Council.
  1832 | D:3      | Reached skill level 6 in Crossbows
  1996 | D:3      | Became a worshipper of Makhleb the Destroyer
  2215 | D:3      | Noticed Sigmund
  2219 | D:3      | Slain by Sigmund

Skill      XL: |  1  2  3  4 |
---------------+-------------+-----
Crossbows      | 5 6 |  6.1
Fighting       | |  2.8
Armour         | |  0.7
Dodging        | |  1.4
Stealth        | |  0.4

Action                   |  1- 3 |  4- 6 || total
-------------------------+-------+-------++-------
 Fire: Hand crossbow     |   102 |    33 ||   135
  Use: Scroll            |     4 |     3 ||     7
  Eat: Ration            |       |     1 ||     1
       Chunk             |       |     1 ||     1
Armor: Leather armour    |    16 |     4 ||    20
Dodge: Dodged            |    34 |     6 ||    40
